Unix NetHack Version 3.7.0-65 Work-in-progress - last build Sep 26 2022 05:48:34 (a9070be95fe145525c880ceec589f5104d392f49,branch:master).

Game began 2022-10-02 15:05:21, ended 2022-10-02 15:31:58.

Gandelf, neutral male human Monk

  
stone
stone
stone
stone
stone
stone
stone
stone
stone
stone
stone
stone
stone
stone
stone
stone
stone
stone
stone
stone
stone
stone
stone
stone
stone
stone
stone
stone
stone
stone
stone
stone
stone
stone
stone
stone
stone
stone
stone
stone
stone
stone
stone
stone
stone
stone
stone
stone
stone
stone
stone
stone
stone
stone
stone
stone
stone
stone
stone
stone
stone
stone
stone
stone
stone
stone
stone
stone
stone
stone
stone
stone
stone
stone
stone
stone
stone
stone
stone
stone
stone
stone
stone
stone
stone
stone
stone
stone
stone
stone
stone
stone
stone
stone
stone
stone
stone
stone
stone
stone
stone
stone
stone
stone
stone
stone
stone
stone
stone
stone
stone
stone
stone
stone
stone
stone
stone
stone
stone
stone
stone
stone
stone
stone
stone
stone
stone
stone
stone
stone
stone
stone
stone
stone
stone
stone
stone
stone
stone
stone
stone
stone
stone
stone
stone
stone
stone
stone
stone
stone
stone
stone
stone
stone
stone
stone
stone
stone
stone
stone
stone
stone
stone
stone
stone
stone
stone
stone
stone
stone
stone
stone
stone
stone
stone
stone
stone
stone
stone
stone
stone
stone
stone
stone
stone
stone
stone
stone
stone
stone
stone
stone
stone
stone
stone
stone
stone
stone
stone
stone
stone
stone
stone
stone
stone
stone
stone
stone
stone
stone
stone
stone
stone
stone
stone
stone
stone
stone
stone
stone
stone
stone
stone
stone
stone
stone
stone
stone
stone
stone
stone
stone
stone
stone
stone
stone
stone
stone
stone
stone
stone
stone
stone
stone
stone
stone
stone
stone
stone
stone
stone
stone
stone
stone
stone
stone
stone
stone
stone
stone
stone
stone
stone
stone
stone
wall
wall
wall
wall
wall
wall
wall
stone
stone
stone
stone
stone
wall
wall
wall
wall
wall
wall
wall
stone
stone
stone
stone
stone
stone
stone
stone
stone
stone
stone
stone
stone
stone
stone
stone
stone
stone
stone
stone
stone
stone
stone
stone
stone
stone
stone
stone
stone
stone
stone
stone
stone
stone
stone
stone
stone
stone
stone
stone
stone
stone
stone
stone
stone
stone
stone
stone
stone
stone
stone
stone
stone
stone
stone
stone
stone
stone
stone
stone
wall
.dark part of a room
.dark part of a room
.dark part of a room
2unknown creature causing you anxiety
1unknown creature causing you concern
wall
wall
wall
stone
stone
stone
wall
.floor of a room
.floor of a room
wall
.dark part of a room
>staircase down
wall
stone
stone
stone
stone
stone
stone
stone
stone
stone
stone
stone
stone
stone
stone
stone
stone
stone
stone
stone
stone
stone
stone
stone
stone
stone
stone
stone
stone
stone
stone
stone
stone
stone
stone
stone
stone
stone
stone
stone
stone
stone
stone
stone
stone
stone
stone
stone
stone
stone
stone
stone
stone
stone
stone
stone
stone
stone
stone
stone
stone
wall
.dark part of a room
.dark part of a room
.dark part of a room
1unknown creature causing you concern
.dark part of a room
+closed door
.dark part of a room
wall
stone
stone
stone
wall
.floor of a room
.dark part of a room
.dark part of a room
.dark part of a room
.dark part of a room
wall
stone
stone
stone
stone
stone
stone
stone
stone
stone
stone
stone
stone
stone
stone
stone
stone
stone
stone
stone
stone
stone
stone
stone
stone
stone
stone
stone
stone
stone
stone
stone
stone
stone
stone
stone
stone
stone
stone
stone
stone
stone
stone
stone
stone
stone
stone
stone
stone
stone
stone
stone
stone
stone
stone
stone
stone
stone
stone
wall
wall
wall
.dark part of a room
.dark part of a room
.dark part of a room
1unknown creature causing you concern
.dark part of a room
wall
wall
wall
stone
stone
stone
wall
.floor of a room
wall
wall
.dark part of a room
wall
wall
wall
stone
stone
stone
stone
stone
stone
stone
stone
stone
stone
stone
stone
stone
stone
stone
stone
stone
stone
stone
stone
stone
stone
stone
stone
stone
stone
stone
stone
stone
stone
stone
stone
stone
stone
stone
stone
stone
stone
stone
stone
stone
stone
stone
stone
stone
stone
stone
stone
stone
stone
stone
stone
stone
stone
stone
stone
stone
wall
.dark part of a room
+closed door
.dark part of a room
.dark part of a room
.dark part of a room
1unknown creature causing you concern
1unknown creature causing you concern
+closed door
.dark part of a room
wall
stone
stone
wall
wall
@human monk called Gandelf
wall
.dark part of a room
.dark part of a room
0a boulder
.dark part of a room
wall
wall
wall
wall
stone
stone
stone
stone
stone
stone
stone
stone
stone
stone
stone
stone
stone
stone
stone
stone
stone
stone
stone
stone
stone
stone
stone
stone
stone
stone
stone
stone
stone
stone
stone
stone
stone
stone
stone
stone
stone
stone
stone
stone
stone
stone
stone
stone
stone
stone
stone
stone
stone
stone
stone
stone
stone
stone
wall
.dark part of a room
wall
.dark part of a room
.dark part of a room
.dark part of a room
1unknown creature causing you concern
1unknown creature causing you concern
wall
wall
wall
stone
wall
wall
.floor of a room
ggargoyle
wall
.dark part of a room
.dark part of a room
.dark part of a room
.dark part of a room
.dark part of a room
.dark part of a room
.dark part of a room
wall
stone
stone
stone
stone
stone
stone
stone
stone
stone
stone
stone
stone
stone
stone
stone
stone
stone
stone
stone
stone
stone
stone
stone
stone
stone
stone
stone
stone
stone
stone
stone
stone
stone
stone
stone
stone
stone
stone
stone
stone
stone
stone
stone
stone
stone
stone
stone
stone
stone
stone
stone
stone
stone
stone
wall
.dark part of a room
wall
.dark part of a room
.dark part of a room
.dark part of a room
2unknown creature causing you anxiety
1unknown creature causing you concern
+closed door
.dark part of a room
wall
stone
wall
.floor of a room
0a boulder
.floor of a room
wall
wall
wall
wall
.dark part of a room
.dark part of a room
.dark part of a room
.dark part of a room
wall
stone
stone
stone
stone
stone
stone
stone
stone
stone
stone
stone
stone
stone
stone
stone
stone
stone
stone
stone
stone
stone
stone
stone
stone
stone
stone
stone
stone
stone
stone
stone
stone
stone
stone
stone
stone
stone
stone
stone
stone
stone
stone
stone
stone
stone
stone
stone
stone
stone
stone
stone
stone
stone
stone
wall
.dark part of a room
wall
.dark part of a room
.dark part of a room
.dark part of a room
1unknown creature causing you concern
2unknown creature causing you anxiety
wall
wall
wall
stone
wall
.dark part of a room
.dark part of a room
.floor of a room
wall
.dark part of a room
.dark part of a room
wall
.dark part of a room
.dark part of a room
.dark part of a room
.dark part of a room
wall
stone
stone
stone
stone
stone
stone
stone
stone
stone
stone
stone
stone
stone
stone
stone
stone
stone
stone
stone
stone
stone
stone
stone
stone
stone
stone
stone
stone
stone
stone
stone
stone
stone
stone
stone
stone
stone
stone
stone
stone
stone
stone
stone
stone
stone
stone
stone
stone
stone
stone
stone
stone
stone
stone
wall
.dark part of a room
wall
wall
wall
wall
wall
wall
wall
stone
stone
stone
wall
.dark part of a room
.dark part of a room
.floor of a room
wall
.dark part of a room
.dark part of a room
.dark part of a room
.dark part of a room
)a dagger
.dark part of a room
.dark part of a room
wall
stone
stone
stone
stone
stone
stone
stone
stone
stone
stone
stone
stone
stone
stone
stone
stone
stone
stone
stone
stone
stone
stone
stone
stone
stone
stone
stone
stone
stone
stone
stone
stone
stone
stone
stone
stone
stone
stone
stone
stone
stone
stone
stone
stone
stone
stone
stone
stone
stone
stone
stone
stone
stone
stone
wall
.dark part of a room
wall
stone
stone
stone
stone
stone
stone
stone
stone
wall
wall
.dark part of a room
.floor of a room
.floor of a room
1unknown creature causing you concern
.dark part of a room
.dark part of a room
wall
.dark part of a room
.dark part of a room
.dark part of a room
.dark part of a room
wall
wall
stone
stone
stone
stone
stone
stone
stone
stone
stone
stone
stone
stone
stone
stone
stone
stone
stone
stone
stone
stone
stone
stone
stone
stone
stone
stone
stone
stone
stone
stone
stone
stone
stone
stone
stone
stone
stone
stone
stone
stone
stone
stone
stone
stone
stone
stone
stone
stone
stone
stone
stone
stone
stone
wall
.dark part of a room
wall
stone
stone
stone
stone
stone
stone
stone
stone
wall
.dark part of a room
.dark part of a room
.floor of a room
.floor of a room
wall
.dark part of a room
.dark part of a room
wall
.dark part of a room
[a ring mail
.dark part of a room
.dark part of a room
.dark part of a room
wall
stone
stone
stone
stone
stone
stone
stone
stone
stone
stone
stone
stone
stone
stone
stone
stone
stone
stone
stone
stone
stone
stone
stone
stone
stone
stone
stone
stone
stone
stone
stone
stone
stone
stone
stone
stone
stone
stone
stone
stone
stone
stone
stone
stone
stone
stone
stone
stone
stone
stone
stone
stone
stone
wall
.dark part of a room
wall
stone
stone
stone
stone
stone
stone
stone
stone
wall
.dark part of a room
.dark part of a room
.floor of a room
.floor of a room
wall
wall
wall
wall
0a boulder
.dark part of a room
.dark part of a room
.dark part of a room
.dark part of a room
wall
stone
stone
stone
stone
stone
stone
stone
stone
stone
stone
stone
stone
stone
stone
stone
stone
stone
stone
stone
stone
stone
stone
stone
stone
stone
stone
stone
stone
stone
stone
stone
stone
stone
stone
stone
stone
stone
stone
stone
stone
stone
stone
stone
stone
stone
stone
stone
stone
stone
stone
stone
stone
stone
wall
.dark part of a room
wall
stone
stone
stone
stone
stone
stone
stone
stone
wall
.dark part of a room
.dark part of a room
.floor of a room
wall
wall
stone
stone
wall
wall
.dark part of a room
wall
.dark part of a room
.dark part of a room
wall
stone
stone
stone
stone
stone
stone
stone
stone
stone
stone
stone
stone
stone
stone
stone
stone
stone
stone
stone
stone
stone
stone
stone
stone
stone
stone
stone
stone
stone
stone
stone
stone
stone
stone
stone
stone
stone
stone
stone
stone
stone
stone
stone
stone
stone
stone
stone
stone
stone
stone
stone
stone
stone
wall
.dark part of a room
wall
stone
stone
stone
stone
stone
stone
stone
stone
wall
wall
wall
wall
wall
stone
stone
stone
stone
wall
.dark part of a room
wall
wall
wall
wall
stone
stone
stone
stone
stone
stone
stone
stone
stone
stone
stone
stone
stone
stone
stone
stone
stone
stone
stone
stone
stone
stone
stone
stone
stone
stone
stone
stone
stone
stone
stone
stone
stone
stone
stone
stone
stone
stone
stone
stone
stone
stone
stone
stone
stone
stone
stone
stone
stone
stone
stone
stone
stone
wall
.dark part of a room
wall
wall
wall
wall
wall
wall
wall
wall
wall
wall
wall
wall
wall
wall
wall
wall
wall
wall
wall
.dark part of a room
.dark part of a room
wall
stone
stone
stone
stone
stone
stone
stone
stone
stone
stone
stone
stone
stone
stone
stone
stone
stone
stone
stone
stone
stone
stone
stone
stone
stone
stone
stone
stone
stone
stone
stone
stone
stone
stone
stone
stone
stone
stone
stone
stone
stone
stone
stone
stone
stone
stone
stone
stone
stone
stone
stone
stone
stone
stone
stone
wall
.dark part of a room
.dark part of a room
^hole
.dark part of a room
.dark part of a room
.dark part of a room
.dark part of a room
.dark part of a room
.dark part of a room
.dark part of a room
.dark part of a room
.dark part of a room
.dark part of a room
.dark part of a room
.dark part of a room
.dark part of a room
.dark part of a room
.dark part of a room
.dark part of a room
.dark part of a room
.dark part of a room
.dark part of a room
wall
stone
stone
stone
stone
stone
stone
stone
stone
stone
stone
stone
stone
stone
stone
stone
stone
stone
stone
stone
stone
stone
stone
stone
stone
stone
stone
stone
stone
stone
stone
stone
stone
stone
stone
stone
stone
stone
stone
stone
stone
stone
stone
stone
stone
stone
stone
stone
stone
stone
stone
stone
stone
stone
stone
stone
wall
wall
wall
wall
wall
wall
wall
wall
wall
wall
wall
wall
wall
wall
wall
wall
wall
wall
wall
wall
wall
wall
wall
wall
stone
stone
stone
stone
stone
stone
stone
stone
stone
stone
stone
stone
stone
stone
stone
stone
stone
stone
stone
stone
stone
stone
stone
stone
stone
stone
stone
stone
stone
stone
stone
stone
stone
stone
stone
stone
stone
stone
stone
stone
stone
stone
stone
stone
stone
stone
stone
stone
stone
stone
stone
stone
stone
stone
stone
stone
stone
stone
stone
stone
stone
stone
stone
stone
stone
stone
stone
stone
stone
stone
stone
stone
stone
stone
stone
stone
stone
stone
stone
stone
stone
stone
stone
stone
stone
stone
stone
stone
stone
stone
stone
stone
stone
stone
stone
stone
stone
stone
stone
stone
stone
stone
stone
stone
stone
stone
stone
stone
[Gandelf the Initiate ] St:18/03 Dx:15 Co:11 In:10 Wi:12 Ch:8 Neutral S:5255 Dlvl:5 $:667 HP:0(54) Pw:33(33) AC:4 Xp:7/1047 T:2939

Latest messages:

Your danger sense causes you to take a second look close by.
You find a cobra.
You hit the cobra!
The cobra bites!
You hit the cobra!
The cobra bites!
You hit the cobra!
You kill the cobra!
You see here a melon.
o - a melon (2 in total).
With great effort you move the boulder.
You see here a dagger.
The boulder falls into and plugs a hole in the floor!
You hear a sound reminiscent of an elephant stepping on a peanut.
You see here a dagger.
With great effort you move the boulder.
You see here a dagger.
You hit the wood nymph!
The wood nymph pretends to be friendly.
The wood nymph pretends to be friendly.
You hit the wood nymph!
The wood nymph stole a brilliant blue potion.
A mysterious force prevents the wood nymph from teleporting!
You kill the wood nymph!
M - a brilliant blue potion.
What do you want to call? [ac-ejkmpqtv-zADF-NP-RUW-Z or ?*] M
Call a brilliant blue potion: od
With great effort you move the boulder.
The boulder falls into and plugs a hole in the floor!
You see here a dagger.
The gargoyle hits!
The gargoyle hits!
The gargoyle just misses!
What do you want to zap? [kDUW or ?*] ?
In what direction? j
The gargoyle seems to be moving slower.
You hit the gargoyle!
The gargoyle hits!
The gargoyle hits!
The gargoyle misses!
You hit the gargoyle!
You hit the gargoyle!
The gargoyle hits!
The gargoyle hits!
The gargoyle bites!
You miss the gargoyle.
The gargoyle hits!
The gargoyle hits!
You die...
Do you want your possessions identified? [ynq] (y) q

Inventory:

Coins

$ - 667 gold pieces

Amulets

H - a cursed amulet of restful sleep

Weapons

C - 7 +1 crossbow bolts
s - 14 +0 darts
l - 7 cursed +0 darts

Armor

a - an uncursed +2 pair of leather gloves (being worn)
b - an uncursed +1 robe (being worn)

Comestibles

S - a cursed partly eaten pizza
g - 4 uncursed apples
T - 2 uncursed cram rations
f - 3 uncursed food rations
n - an uncursed partly eaten food ration
O - 3 uncursed food rations
i - 2 uncursed fortune cookies
u - 2 uncursed fortune cookies
V - 2 cursed fortune cookies
o - 2 uncursed melons
h - 5 uncursed oranges
B - an uncursed tripe ration
r - an uncursed tin of deep fried lichen
E - 2 uncursed eggs

Scrolls

z - a cursed scroll of amnesia
Y - an uncursed scroll of blank paper
t - an uncursed scroll of charging
x - 2 uncursed scrolls of earth
d - an uncursed scroll of enchant armor
j - an uncursed scroll of enchant weapon
y - an uncursed scroll of food detection
m - a blessed scroll of identify
J - a cursed scroll of identify
Z - a blessed scroll of light
I - 2 cursed scrolls of light
X - an uncursed scroll of magic mapping
F - a cursed scroll of remove curse

Spellbooks

c - a blessed spellbook of protection
K - a cursed spellbook of protection

Potions

M - an uncursed potion of gain energy
L - a cursed potion of gain energy
G - an uncursed potion of levitation
e - 3 uncursed potions of water
q - an uncursed potion of water
v - an uncursed potion of water

Rings

N - a cursed +2 ring of gain constitution

Wands

U - a wand of cold (0:4)
D - a wand of light (0:13)
W - a wand of probing (0:6)
k - a wand of slow monster (0:5)

Tools

w - an uncursed mirror

Gems/Stones

p - an uncursed jasper stone
A - an uncursed obsidian stone
P - 2 cursed worthless pieces of green glass
Q - a cursed worthless piece of orange glass
R - 2 cursed worthless pieces of yellow glass

Gandelf the Monk's attributes:


Background:

You were an Initiate, a level 7 male human Monk.
You were neutral, on a mission for Chih Sung-tzu
who was opposed by Shan Lai Ching (lawful) and Huan Ti (chaotic).
You were in Sokoban, on level 5.
You entered the dungeon 2939 turns ago.
You had 1047 experience points, 233 more were needed to attain level 8.
Your score was 5255 before end-of-game adjustments.

Basics:

You had 0 out of 54 hit points.
You had all 33 energy points (spell power).
Your armor class was 4.
Your wallet contained 667 zorkmids.
Autopickup was off.

Final Characteristics:

Your strength was 18/03 (limit:18/100).
Your dexterity was 15 (limit:18).
Your constitution was 11 (limit:18).
Your intelligence was 10 (limit:18).
Your wisdom was 12 (limit:18).
Your charisma was 8 (limit:18).

Final Status:

You were not hungry.
You were unencumbered.
You were empty handed.
You had basic skill with martial arts and could have enhanced that.

Final Attributes:

You were piously aligned.
You were sleep resistant.
You were poison resistant.
You saw invisible.
You were warned.
You were stealthy.
You were guarded.
You were fast.
You are dead.

Miscellaneous:
You encountered 1 bones level.
Total elapsed playing time was 26 minutes and 37 seconds.

Major events:

Turn

1: Gandelf the neutral male human Monk entered the dungeon
702: attained the rank of Novice (level 3)
1056: destroyed rww's ghost, the former Skirmisher
1191: entered Sokoban
1385: completed 1st Sokoban level
1967: completed 2nd Sokoban level
1988: attained the rank of Initiate (level 6)
2256: completed 3rd Sokoban level
2939: killed by a gargoyle

Vanquished creatures:

a ghost
2 giant mimics
2 wargs
a cobra
a cockatrice
a giant spider
2 orc mummies
a dingo
a dog
a soldier ant
a wood nymph
an Uruk-hai
a straw golem
a paper golem
2 rothes
a giant bat
a dwarf zombie
a werejackal
an iguana
a hobbit
a manes
a large kobold
a hobgoblin
a giant rat
a brown mold
a yellow mold
a green mold
a gnome zombie
a gecko
3 jackals
a fox
a kobold
4 sewer rats
2 grid bugs
a bat
a lichen
4 newts
50 creatures vanquished.
No species were genocided or became extinct.

Voluntary challenges:

You followed a strict vegan diet.
You never hit with a wielded weapon.
You were illiterate.
You never engraved Elbereth.
You never genocided any monsters.
You never polymorphed an object.
You never changed form.
You used no wishes.
You did not violate any of the special Sokoban rules.

Achievements:

You entered a shop.
You attained the rank of Novice.
You entered Sokoban.
You attained the rank of Initiate.

The Dungeons of Doom: levels 1 to 9

   Level 1:
Some fountains.
Level 2:
A general store, a fountain, a grave.
Level 3:
A fountain.
Level 4:
Level 5:
Level 6:
Level 7:
A fountain, a grave.
Final resting place for
rww-Val-Dwa-Fem-Law, killed by a soldier ant.
Level 8:
Level 9:
Stairs up to Sokoban, level 8.

Sokoban: levels 8 up to 5

   Level 5: <- You were here.
Unsolved.
Final resting place for
you, killed by a gargoyle.
Level 6:
Solved.
Level 7:
Solved.
Level 8:
Solved.

Game over:

----------
/ \
/ REST \
/ IN \
/ PEACE \
/ \
| Gandelf |
| 667 Au |
| killed by a |
| gargoyle |
| |
| |
| 2022 |
*| * * * | *
_________)/\\_//(\/(/\)/\//\/|_)_______

Goodbye Gandelf the Monk...


You died in Sokoban on dungeon level 5 with 5189 points,
and 667 pieces of gold, after 2939 moves.
You were level 7 with a maximum of 54 hit points when you died.